 Dungeon Crawl Stone Soup version 0.27.0-1-g7a089689b8 (webtiles) character file.

Game seed: 3187732367189742719

123 wakim the Caller (level 5, -10/35 HPs)
             Began as a Merfolk Summoner on Aug 4, 2021.
             Mangled by an ogre (19 damage)
             ... on level 4 of the Dungeon.
             The game lasted 00:12:11 (5017 turns).

wakim the Caller (Merfolk Summoner)                 Turns: 5017, Time: 00:12:11

Health: -10/35     AC:  4    Str:  8    XL:     5   Next: 7%
Magic:  5/9        EV: 13    Int: 16    God:
Gold:   79         SH:  0    Dex: 14    Spells: 3/9 levels left

rFire    . . .     SeeInvis .   a - +4 club (spect)
rCold    . . .     Faith    .   (no shield)
rNeg     . . .     Spirit   .   f - +1 robe
rPois    .         Reflect  .   d - +0 helmet
rElec    .         Harm     .   (no cloak)
rCorr    .         Rampage  .   (no gloves)
Will     .....                  (no boots)
Stlth    ++........             (no amulet)
HPRegen  0.11/turn              (no ring)
MPRegen  0.11/turn              (no ring)

@: no status effects
A: (nimble swimmer 2), mertail
a: no special abilities


You were on level 4 of the Dungeon.
You visited 1 branch of the dungeon, and saw 4 of its levels.

You collected 79 gold pieces.

Inventory:

Hand Weapons
 a - a +4 spectral club (weapon)
 b - a +0 short sword
Armour
 d - a +0 helmet (worn)
 f - a +1 robe (worn)
Scrolls
 r - 2 scrolls of identify
Potions
 c - a potion of flight {unknown}
 e - a potion of brilliance {unknown}
 C - a potion of berserk rage {!q}
 J - a potion of heal wounds


   Skills:
 - Level 4.0 Dodging
 - Level 2.1 Stealth
 + Level 2.9 Spellcasting
 + Level 5.2 Summonings


You had 3 spell levels left.
You knew the following spells:

 Your Spells              Type           Power      Damage    Failure   Level
a - Summon Small Mammal   Summ           76%        N/A       2%          1
c - Call Canine Familiar  Summ           19%        N/A       7%          3
x - Call Imp              Summ           19%        N/A       3%          2

Your spell library contained the following spells:

 Spells                   Type           Power      Damage    Failure   Level
 Summon Guardian Golem    Hex/Summ       10%        N/A       19%         3
 Slow                     Hex            2%         N/A       28%         2
 Confusing Touch          Hex            2%         N/A       50%         3
 Summon Lightning Spire   Summ/Air       10%        N/A       54%         4
 Airstrike                Air            1%         N/A       88%         4
 Hailstorm                Conj/Ice       2%         3d3       88%         4
 Ice Form                 Ice/Tmut       2%         N/A       88%         4
 Lightning Bolt           Conj/Air       1%         1d12      99%         5
 Yara's Violent Unravell  Hex/Tmut       1%         3d3       99%         5
 Simulacrum               Ice/Necr       1%         N/A       100%        6


Dungeon Overview and Level Annotations

Branches:
Dungeon (4/15)
 Temple: D:4-7

Altars:


Innate Abilities, Weirdness & Mutations

((You are quick and stealthy near water. (Stealth+, EV+, Speed+++)))
Your lower body shifts to a powerful aquatic tail in water.


Message History

A beastly little devil appears in a puff of flame.
Your crimson imp blinks!
The adder bites your crimson imp but does no damage.
The adder misses your crimson imp.
Your crimson imp misses the adder.
The adder misses your crimson imp.
Your crimson imp blinks!
Your shadow imp barely misses the adder.
Your crimson imp blinks!
The adder misses you.
Your shadow imp misses the adder.
You thump the adder!
The adder is severely wounded.
Your spectral +4 spectral club hits the adder!
You kill the adder!
You have reached level 5!
You feel clever.
Your crimson imp disappears in a puff of smoke!
Your shadow imp disappears in a puff of smoke!
You now have 79 gold pieces (gained 16).
An ogre comes into view. It is wielding a +0 giant spiked club.
The ogre shouts!
Casting: Call Imp (safe; 3% risk of failure)
Confirm with . or Enter, or press ? or * to list all spells.
A beastly little devil appears in a puff of flame.
Casting: Call Imp (safe; 3% risk of failure)
Confirm with . or Enter, or press ? or * to list all spells.
A beastly little devil appears in a puff of flame.
Your crimson imp barely misses the ogre.
Your crimson imp blinks!
You barely miss the ogre.
Your spectral +4 spectral club closely misses the ogre.
The ogre hits you with a +0 giant spiked club!!
Ouch! That really hurt!
* * * LOW HITPOINT WARNING * * *
Your crimson imp hits the ogre but does no damage.
You hit the ogre.
The ogre is lightly wounded.
Your spectral +4 spectral club barely misses the ogre.
The ogre hits you with a +0 giant spiked club!!
Ouch! That really hurt!
You die...

#.#. #.# #.# .#. #.# #)#
.. ####.####.## ##.##
#<...))....# ##...##
#.....)#...#
####.....###.....#....#
#.....ยง...##.......#..##
.......5.###..####.....#
.#.#(O@...............#
#...(#..5.....##.......#
...........(..##.#.....#
#....#...:.#..#....>.<.#
.................##.#.##
.##.##...###.#..# ..... #
#..#.. #....(......#
..##.. #.#..##


You could see an ogre (ally target), a friendly spectral +4 spectral club
(summoned) and 2 friendly crimson imps.

Vanquished Creatures
  A gnoll (D:3)
  An adder (D:4)
  A worm (D:2)
  3 orcs (D:4)
  4 ball pythons
  3 endoplasms (D:1)
  A giant cockroach (D:1)
  2 goblins (D:3)
  3 quokkas
  4 bats
  A frilled lizard (D:2)
  A kobold (D:1)
25 creatures vanquished.

Vanquished Creatures (collateral kills)
  Robin (D:3)
  3 adders (D:2)
  2 gnolls (D:3)
  3 worms
  2 dart slugs (D:1)
  An orc (D:4)
  4 ball pythons
  6 bats
  6 endoplasms
  A giant cockroach (D:2)
  10 goblins
  4 hobgoblins
  4 jackals (D:2)
  5 kobolds
  3 quokkas
  3 frilled lizards (D:1)
58 creatures vanquished.

Grand Total: 83 creatures vanquished

Notes
Turn   | Place    | Note
-------+----------+-------------------------------------------
     0 | D:1      | wakim the Merfolk Summoner began the quest for the Orb.
     0 | D:1      | Reached XP level 1. HP: 13/13 MP: 3/3
   138 | D:1      | Reached XP level 2. HP: 13/19 MP: 1/5
   388 | D:1      | You fall into a shaft and drop 1 floor!
  1062 | D:2      | Learned a level 2 spell: Call Imp
  1180 | D:2      | Reached XP level 3. HP: 24/24 MP: 3/6
  2163 | D:1      | Found a faded altar of an unknown god.
  2560 | D:2      | Reached XP level 4. HP: 30/30 MP: 3/7
  2973 | D:2      | Learned a level 3 spell: Call Canine Familiar
  4072 | D:3      | Reached skill level 5 in Summonings
  4406 | D:3      | Noticed Robin
  4794 | D:3      | Killed Robin
  4963 | D:4      | Reached XP level 5. HP: 35/35 MP: 5/9
  5011 | D:4      | Noticed an ogre
  5017 | D:4      | Mangled by an ogre

Illustrated notes

Levels and vault maps discovered:
D:1:      dpeg_arrival_tiny_f, layout_rooms,
          hellmonk_ecumenical_altar_inner_sanctum, kennysheep_crisscross
D:2:      layout_basic
D:3:      layout_basic, uniq_robin
D:4:      minmay_razor_zed, layout_loops_ring,
          mainiacjoe_overflow_small_starburst

Skill      XL: |  1  2  3  4 |
---------------+-------------+-----
Dodging        | 3 4 |  4.0
Summonings     | 5 |  5.2
Stealth        | |  2.1
Spellcasting   | |  2.9

Action                   |  1- 3 |  4- 6 || total
-------------------------+-------+-------++-------
Melee: Short sword       |    84 |    47 ||   131
       Unarmed           |     3 |       ||     3
       Club              |       |    10 ||    10
 Cast: Summon Small Mamm |    34 |    12 ||    46
       Call Imp          |    10 |    15 ||    25
       Call Canine Famil |       |    10 ||    10
  Use: Scroll            |     3 |     1 ||     4
 Stab: Sleeping          |     3 |     2 ||     5
Armor: Robe              |    25 |    19 ||    44
Dodge: Dodged            |    74 |    64 ||   138
